 Dungeon Crawl Stone Soup version 0.25-a0-651-g8c222c7a2b (webtiles) character file.

Game seed: 1355341975539590293, levelgen mode: deterministic

278 Gynju the Cudgeler (level 6, -4/40 HPs)
             Began as a Gargoyle Fighter on Mar 22, 2020.
             Killed from afar by an orc wizard (7 damage)
             ... with a puff of flame
             ... on level 4 of the Dungeon.
             The game lasted 00:02:52 (3216 turns).

Gynju the Cudgeler (Gargoyle Fighter)               Turns: 3216, Time: 00:02:53

Health: -4/40      AC: 11    Str: 21    XL:     6   Next: 26%
Magic:  6/6        EV:  7    Int:  9    God:
Gold:   177        SH:  9    Dex:  9    Spells: 5/5 levels left

rFire    . . .     SeeInvis .   a - +0 flail
rCold    + . .     Gourm    .   c - +0 kite shield
rNeg     + . .     Faith    .   g - +0 scale mail {rC+}
rPois    ∞         Spirit   .   (no helmet)
rElec    +         Reflect  .   (no cloak)
rCorr    .         Harm     .   (no gloves)
MR       .....                  (no boots)
Stlth    ..........             (no amulet)
HPRegen  0.13/turn              (no ring)
MPRegen  0.10/turn              (no ring)

@: no status effects
A: negative energy resistance 1, electricity resistance, unbreathing,
petrification resistance, rot immunity, AC +4
a: no special abilities


You were on level 4 of the Dungeon.
You were very hungry.

You visited 1 branch of the dungeon, and saw 4 of its levels.

You collected 177 gold pieces.

Inventory:

Hand Weapons
 a - a +0 flail (weapon)
Missiles
 y - 4 poisoned darts (quivered)
Armour
 b - a +0 scale mail
 c - a +0 kite shield (worn)
 g - a +0 scale mail of cold resistance (worn)
Jewellery
 j - an uncursed amulet of harm {unknown}
 r - a +2 ring of intelligence {unknown}
 w - an uncursed ring of flight {unknown}
Scrolls
 e - 2 scrolls of immolation {unknown}
 h - 2 scrolls of remove curse {unknown}
 i - 7 scrolls of identify {unknown}
 l - 3 scrolls of blinking {unknown}
 o - a scroll of magic mapping {unknown}
 p - 2 scrolls of teleportation {unknown}
 u - a scroll of enchant armour {unknown}
 v - 2 scrolls of amnesia {unknown}
Potions
 d - a potion of might
 k - a potion of magic {unknown}
 m - 2 potions of stabbing {unknown}
 n - a potion of flight {unknown}
 q - a potion of heal wounds {unknown}
 s - a potion of degeneration {unknown}
 t - a potion of berserk rage {unknown}
 x - 2 potions of mutation {unknown}
Comestibles
 f - 3 rations


   Skills:
 - Level 5.1 Fighting
 + Level 5.3 Maces & Flails
 - Level 3.2 Armour
 - Level 3.2 Shields


You had 5 spell levels left.
You didn't know any spells.
Your spell library was empty.

Dungeon Overview and Level Annotations

Branches:
Dungeon (4/15)
 Temple: D:4-7

Altars:
Ashenzari
Makhleb
Nemelex Xobeh
Trog
Wu Jian


Innate Abilities, Weirdness & Mutations

You are resistant to torment.
Your stone body is resilient. (AC +4)
You are immune to poison.
You resist negative energy. (rN+)
You are resistant to electric shocks. (rElec)
You can survive without breathing.
You are immune to petrification.
You are immune to rotting.


Message History

You thump the orc wizard!
The orc wizard is severely wounded.
The orc wizard hits you but does no damage. x2
You closely miss the orc wizard.
The orc wizard is severely wounded.
The orc wizard hits you but does no damage.
The orc wizard barely misses you.
You hit the orc wizard.
The orc wizard is almost dead.
The orc wizard mumbles some strange words.
The orc wizard flickers and vanishes!
Deactivating autopickup; reactivate with Ctrl-A.
Something hits you but does no damage.
You barely miss something. Something hits you but does no damage.
You miss something. Something hits you.
* * * LOW HITPOINT WARNING * * *
You hear some strange, mumbled words.
A puff of flame appears from out of thin air!
The puff of flame hits you!
You die...

..o #..# #.###o.#
#.#...<# .###..#.#
........####
###......... ........###
##### #########.........
.##.###.......##@{.#.#
.#.#.##.......##)...#.
..###.#.####..##...##
^## ##......(..#....#
..###[#..#.....##.##.#
.#.#.##..###...##.# ...
..#..##...........# #.#
#.##.##........#..####.#
#.##.###.##..#.#.......#


You could see an orc wizard (wandering).

Vanquished Creatures
  2 crimson imps (D:3)
  2 orc wizards (D:4)
  A worker ant (D:3)
  6 adders
  A worm (D:2)
  3 dart slugs
  A leopard gecko (D:1)
  2 orcs (D:3)
  9 bats
  5 giant cockroaches
  7 goblins
  9 hobgoblins
  5 kobolds
  2 quokkas
  A ball python (D:2)
  12 frilled lizards
  8 rats
76 creatures vanquished.

Notes
Turn   | Place    | Note
-------+----------+-------------------------------------------
     0 | D:1      | Gynju the Gargoyle Fighter began the quest for the Orb.
     0 | D:1      | Reached XP level 1. HP: 14/14 MP: 1/1
   351 | D:1      | Reached XP level 2. HP: 18/19 MP: 2/2
   837 | D:1      | Reached XP level 3. HP: 24/24 MP: 3/3
  1575 | D:2      | Found a burning altar of Makhleb.
  1580 | D:2      | Found a sparkling altar of Nemelex Xobeh.
  1639 | D:2      | Reached XP level 4. HP: 16/30 MP: 4/4
  1806 | D:2      | Found a bloodstained altar of Trog.
  1989 | D:2      | Found a shattered altar of Ashenzari.
  2465 | D:3      | Reached skill level 5 in Fighting
  2465 | D:3      | Reached XP level 5. HP: 35/35 MP: 5/5
  2517 | D:3      | Found an ornate altar of the Wu Jian Council.
  3115 | D:4      | Reached XP level 6. HP: 40/40 MP: 6/6
  3201 | D:4      | Reached skill level 5 in Maces & Flails
  3216 | D:4      | Killed from afar by an orc wizard

Levels and vault maps discovered:
D:1:      lightli_arrival_chessboard, layout_basic, dk_noncrumbling_2,
          minmay_curled_crystal, minmay_lizard_king
D:2:      layout_loops_cross, overflow_temple_1_default,
          nicolae_overflow_hidden_temple, grunt_decor_arrowhead,
          roderic_lattice_a, ashenzari_altar_1
D:3:      layout_loops_ring, lemuel_doored_altar
D:4:      layout_loops_cross, vehumet_crystals, overflow_temple_1_default,
          first_ration, minmay_a_box_with_orc_wizards_in_it

Skill      XL: |  1  2  3  4  5  6 |
---------------+-------------------+-----
Fighting       | 4 5 |  5.1
Maces & Flails | 3 4 5 |  5.3
Armour         | |  3.2
Shields        | |  3.2

Action                   |  1- 3 |  4- 6 || total
-------------------------+-------+-------++-------
Melee: Flail             |   190 |   143 ||   333
  Eat: Chunk             |     3 |     4 ||     7
Armor: Scale mail        |   132 |    94 ||   226
Dodge: Dodged            |    70 |    65 ||   135
Block: Kite shield       |   126 |    75 ||   201

Table legend:
 A = Non-vault XP
 B = Vault XP
 C = Vault XP percentage of total XP
 D = Non-vault monster count
 E = Vault monster count
 F = Vault count percentage of total count
                 A         B        C        D         E       F
            +---------+---------+-------+---------+---------+-------
      Total |     309 |      89 |  22.4 |      65 |      11 |  14.5
            +---------+---------+-------+---------+---------+-------
        D:1 |      28 |      11 |  28.2 |      18 |       9 |  33.3
        D:2 |      90 |       0 |   0.0 |      24 |       0 |   0.0
        D:3 |     189 |       0 |   0.0 |      22 |       0 |   0.0
        D:4 |       2 |      78 |  97.5 |       1 |       2 |  66.7
            +---------+---------+-------+---------+---------+-------
